[Event "2024 Norbert Muller Cup (Division C)"]
[Site "Woodvale, Perth WA AUS"]
[Date "2024.10.16"]
[Round "2"]
[White "Curtis, Calan"]
[Black "Leech, Martin"]
[Result "1/2-1/2"]
[ECO "A43"]
[WhiteElo "1598"]
[BlackElo "1619"]
[PlyCount "98"]
[EventDate "2024.10.09"]
[EventType "tourn"]
[EventRounds "7"]
[EventCountry "AUS"]
[TimeControl "3600+30"]

1. d4 c5 2. d5 Nf6 3. Nc3 d6 4. e4 g6 5. h3 Bg7 6. Be3 O-O 7. Qd2 e6 8. O-O-O
e5 9. f4 exf4 10. Bxf4 a6 11. Nf3 b5 12. Bh6 b4 13. Bxg7 Kxg7 14. e5 bxc3 15.
exf6+ Qxf6 16. Qxc3 Qxc3 17. bxc3 Nd7 18. Bd3 Bb7 19. c4 a5 20. Nd2 Ne5 21. Ne4
Rfd8 22. Rde1 Nxd3+ 23. cxd3 f5 24. Nxd6 Bxd5 25. Nxf5+ gxf5 26. cxd5 Rxd5 27.
Kc2 Kf6 28. Rhf1 h5 29. g4 hxg4 30. hxg4 Rc8 31. Rxf5+ Rxf5 32. gxf5 Kxf5 33.
Kc3 Kf6 34. Kc4 a4 35. Re4 Rd8 36. Kxc5 Rxd3 37. Rxa4 Ke6 38. Re4+ Kd7 39. a4
Rb3 40. a5 Kc7 41. Re6 Rc3+ 42. Kb5 Rb3+ 43. Ka6 Kb8 44. Re8+ Kc7 45. Ka7 Rb7+
46. Ka8 Rb5 47. a6 Rb6 48. a7 Rb2 49. Rb8 Ra2 1/2-1/2

[Event "2024 Norbert Muller Cup (Division D)"]
[Site "Woodvale, Perth WA AUS"]
[Date "2024.10.16"]
[Round "2"]
[White "Boswarva, Ernest"]
[Black "Dawoud, Ahmad"]
[Result "1-0"]
[ECO "D06"]
[WhiteElo "1456"]
[BlackElo "1120"]
[PlyCount "65"]
[EventDate "2024.10.09"]
[EventType "swiss"]
[EventRounds "7"]
[EventCountry "AUS"]
[TimeControl "3600+30"]

1. d4 d5 2. e3 Bf5 3. c4 e6 4. Qb3 b6 5. Nf3 Nf6 6. Nc3 Be7 7. Bd2 O-O 8. Be2
Re8 9. cxd5 exd5 10. Rc1 c6 11. O-O Bd6 12. h3 Ne4 13. Nxe4 dxe4 14. Nh2 Bxh3
15. f4 Be6 16. Qc2 Bd5 17. Ng4 f5 18. Ne5 Bxe5 19. fxe5 g6 20. Bc4 Re6 21. Bb4
Nd7 22. Bd6 Bxc4 23. Qxc4 Qe8 24. Qxc6 Kg7 25. Qb7 g5 26. d5 Rxd6 27. exd6 Kh6
28. Rc7 Rd8 29. Qxa7 Kg6 30. Rfc1 Ra8 31. Qb7 Rb8 32. Qc6 Rd8 33. b4 1-0

[Event "2024 Norbert Muller Cup (Division D)"]
[Site "Woodvale, Perth WA AUS"]
[Date "2024.10.16"]
[Round "2"]
[White "Porteus, Grant"]
[Black "Brooke, John"]
[Result "1-0"]
[ECO "C27"]
[WhiteElo "1340"]
[BlackElo "1417"]
[PlyCount "79"]
[EventDate "2024.10.09"]
[EventType "swiss"]
[EventRounds "7"]
[EventCountry "AUS"]
[TimeControl "3600+30"]

1. e4 e5 2. Nc3 Bc5 3. Bc4 Nf6 4. a3 a6 5. Nf3 d6 6. O-O h6 7. d3 Bg4 8. Na4
Ba7 9. Be3 b5 10. Bb3 bxa4 11. Bxa4+ Nbd7 12. Bc6 Bxe3 13. Bxa8 Bxf2+ 14. Rxf2
Qxa8 15. b4 Qa7 16. Qe2 O-O 17. h3 Bh5 18. Kh2 Bg6 19. c3 d5 20. Rff1 dxe4 21.
dxe4 Bxe4 22. Nd2 Ba8 23. c4 Re8 24. c5 c6 25. Nc4 Re6 26. Rf5 Bb7 27. Nd6 Qa8
28. Rd1 Bc8 29. Rdf1 a5 30. R1f3 Ba6 31. Qa2 Qb8 32. Qd2 axb4 33. axb4 Bb5 34.
Nxf7 e4+ 35. R3f4 e3 36. Nxh6+ Kh7 37. Qc2 Kxh6 38. g3 Kg6 39. Rxf6+ Kg5 40.
Qf5# 1-0

[Event "2024 Norbert Muller Cup (Division D)"]
[Site "Woodvale, Perth WA AUS"]
[Date "2024.10.16"]
[Round "2"]
[White "Powell, Darren"]
[Black "Pass, Tony"]
[Result "0-1"]
[ECO "B13"]
[WhiteElo "1246"]
[BlackElo "1360"]
[PlyCount "74"]
[EventDate "2024.10.09"]
[EventType "swiss"]
[EventRounds "7"]
[EventCountry "AUS"]
[TimeControl "3600+30"]

1. e4 c6 2. Nf3 d5 3. exd5 cxd5 4. d4 Bg4 5. Be2 Nc6 6. c3 Bxf3 7. Bxf3 e6 8.
O-O Nf6 9. Bg5 Be7 10. Qb3 Qc7 11. Nd2 O-O 12. Bxf6 Bxf6 13. g3 a6 14. Bg2 Na5
15. Qc2 Nc4 16. Nxc4 Qxc4 17. b3 Qc7 18. Qd3 b5 19. Rac1 Rac8 20. Rc2 Qb6 21.
Rd1 Rc7 22. Kh1 Rfc8 23. b4 Rc4 24. Rdc1 Qd6 25. Bf1 R4c7 26. Ra1 e5 27. Rac1
Qd7 28. g4 Bg5 29. Re1 e4 30. Qh3 Qd6 31. Rce2 Rxc3 32. Qh5 Qf6 33. f4 Qxf4 34.
Rf2 Qxf2 35. Qxg5 Qxe1 36. Qf5 Rc1 37. Kg1 Qe3+ 0-1

[Event "2024 Norbert Muller Cup (Division D)"]
[Site "Woodvale, Perth WA AUS"]
[Date "2024.10.16"]
[Round "2"]
[White "Walker, Colin"]
[Black "Overste, Brian"]
[Result "1-0"]
[ECO "C41"]
[WhiteElo "1425"]
[BlackElo "1039"]
[PlyCount "63"]
[EventDate "2024.10.09"]
[EventType "swiss"]
[EventRounds "7"]
[EventCountry "AUS"]
[TimeControl "3600+30"]

1. e4 e5 2. Nf3 d6 3. d4 exd4 4. Nxd4 c5 5. Nf3 Qe7 6. Nc3 a6 7. Bd3 Nf6 8. O-O
Nc6 9. Re1 Ne5 10. Nxe5 Qxe5 11. Be2 Be6 12. Bf3 Be7 13. Nd5 Rc8 14. c3 Bd8 15.
Bf4 O-O 16. Bxe5 dxe5 17. Nxf6+ Bxf6 18. Qe2 Bd7 19. Bg4 Bb5 20. c4 Bc6 21.
Bxc8 Rxc8 22. Rad1 h6 23. Rd3 b5 24. b3 Re8 25. f3 Re6 26. Red1 bxc4 27. bxc4
Bg5 28. Rd6 Rf6 29. Rxf6 Bxf6 30. Rd6 Bb7 31. Rb6 Bxe4 32. Qxe4 1-0

[Event "2024 Norbert Muller Cup (Division D)"]
[Site "Woodvale, Perth WA AUS"]
[Date "2024.10.16"]
[Round "2"]
[White "Hounsome, David"]
[Black "Markou, Victor"]
[Result "1-0"]
[ECO "A01"]
[WhiteElo "1375"]
[BlackElo "1051"]
[PlyCount "71"]
[EventDate "2024.10.09"]
[EventType "swiss"]
[EventRounds "7"]
[EventCountry "AUS"]
[TimeControl "3600+30"]

1. b3 e5 2. Bb2 d6 3. e4 Nf6 4. Nc3 g6 5. Nf3 Bg7 6. d4 Nc6 7. dxe5 dxe5 8.
Qxd8+ Nxd8 9. Nxe5 O-O 10. O-O-O Re8 11. Nd5 Nxd5 12. Rxd5 c6 13. Rd2 Bh6 14.
Bc4 Bxd2+ 15. Kxd2 Ne6 16. g3 Nc5 17. Bxf7+ Kf8 18. Bxe8 Nxe4+ 19. Ke3 Nd6 20.
Bd7 Nf5+ 21. Kf3 Ke7 22. Bxc8 Rxc8 23. Re1 Rd8 24. Nxc6+ Kd7 25. Nxd8 Kxd8 26.
c4 Kd7 27. g4 Ne7 28. Ke4 Nc6 29. Bc3 Ne7 30. Kf4 h5 31. gxh5 gxh5 32. Kg5 h4
33. Kxh4 Nf5+ 34. Kg4 Ne7 35. Bf6 Ng6 36. Kg5 1-0

[Event "2024 Norbert Muller Cup (Division D)"]
[Site "Woodvale, Perth WA AUS"]
[Date "2024.10.16"]
[Round "2"]
[White "Young, Manfred"]
[Black "Lanham, Bruce"]
[Result "0-1"]
[ECO "D00"]
[WhiteElo "1167"]
[BlackElo "1265"]
[PlyCount "86"]
[EventDate "2024.10.09"]
[EventType "swiss"]
[EventRounds "7"]
[EventCountry "AUS"]
[TimeControl "3600+30"]

1. d4 d5 2. h3 Nf6 3. Nc3 Bf5 4. e3 e6 5. Bd3 Bxd3 6. Qxd3 c5 7. b3 cxd4 8.
exd4 Nc6 9. Bg5 h6 10. Bxf6 Qxf6 11. Nge2 a6 12. O-O Bd6 13. a3 O-O 14. f4 Rfe8
15. b4 b5 16. Nd1 Rac8 17. c3 Qf5 18. Qxf5 exf5 19. Ng3 g6 20. Rf3 Nd8 21. Nf2
Ne6 22. Nd3 Rxc3 23. Ne2 Rc6 24. Ne5 Bxe5 25. fxe5 Rec8 26. Rd1 Rc2 27. Nf4
Nxf4 28. Rxf4 R2c3 29. Rf3 Rxf3 30. gxf3 Kf8 31. Rd3 Ke7 32. Kf2 f4 33. Ke2
Rc2+ 34. Rd2 Rxd2+ 35. Kxd2 Ke6 36. Ke2 f6 37. exf6 Kxf6 38. h4 Kf5 39. Kf2 g5
40. h5 g4 41. Kg2 g3 42. Kh3 Kg5 43. Kg2 Kh4 0-1

[Event "2024 Norbert Muller Cup (Division D)"]
[Site "Woodvale, Perth WA AUS"]
[Date "2024.10.16"]
[Round "2"]
[White "Melbin, Sam"]
[Black "Owen, Geoff"]
[Result "0-1"]
[ECO "C11"]
[WhiteElo "1058"]
[BlackElo "1211"]
[PlyCount "48"]
[EventDate "2024.10.09"]
[EventType "swiss"]
[EventRounds "7"]
[EventCountry "AUS"]
[TimeControl "3600+30"]

1. e4 Nf6 2. Nc3 d5 3. e5 Nfd7 4. d4 e6 5. Bd3 Nc6 6. Bb5 Bb4 7. Bd2 Nxd4 8.
Bxd7+ Bxd7 9. Nf3 Nxf3+ 10. gxf3 d4 11. Ne4 Qe7 12. c3 dxc3 13. Nxc3 O-O-O 14.
Qb3 Qc5 15. O-O-O Bxc3 16. Bxc3 Qxf2 17. Bd4 Qh4 18. Qa3 a6 19. Rd3 Bb5 20. Rb3
Rxd4 21. Rxb5 Qf4+ 22. Kb1 Rhd8 23. Qb3 Qf5+ 24. Kc1 axb5 0-1

[Event "2024 Norbert Muller Cup (Division A)"]
[Site "Woodvale, Perth WA AUS"]
[Date "2024.10.23"]
[Round "3"]
[White "Plaganyi, Gyula"]
[Black "Gibson, Jacob"]
[Result "1-0"]
[ECO "B23"]
[WhiteElo "2060"]
[WhiteTitle "CM"]
[BlackElo "2031"]
[PlyCount "133"]
[EventDate "2024.10.09"]
[EventType "tourn"]
[EventRounds "7"]
[EventCountry "AUS"]
[TimeControl "3600+30"]

1. e4 c5 2. Nc3 Nc6 3. f4 g6 4. Nf3 Bg7 5. Bb5 Nd4 6. O-O Nxb5 7. Nxb5 d5 8.
Nc3 dxe4 9. Nxe4 b6 10. d3 Nh6 11. Rb1 O-O 12. b3 Nf5 13. Qe2 Bb7 14. Kh1 Rc8
15. Bb2 Nd4 16. Nxd4 cxd4 17. f5 Qd7 18. fxg6 hxg6 19. Qf2 f5 20. Ng5 Bf6 21.
Nf3 e5 22. Rbe1 Rfe8 23. Re2 Qd5 24. Qg3 Kf7 25. Bc1 f4 26. Ng5+ Bxg5 27. Qxg5
Qd8 28. Qxd8 Rexd8 29. Kg1 Rc5 30. a4 Rdc8 31. Rff2 Kf6 32. Ba3 R5c6 33. g3 g5
34. h4 Re6 35. hxg5+ Kf5 36. gxf4 Rh8 37. Rxe5+ Rxe5 38. fxe5+ Kxe5 39. Kf1 Bc8
40. Kg1 Bb7 41. Kf1 Bc8 42. Rf8 Rh1+ 43. Kf2 Bf5 44. Bd6+ Kxd6 45. Rxf5 Rh2+
46. Kf3 Rxc2 47. g6 Rc8 48. Ke4 Ke6 49. Rg5 Kf6 50. Rg3 Kg7 51. Kxd4 Rc1 52.
Rg4 Rc5 53. b4 Rc1 54. Kd5 Rd1 55. Kc4 Rc1+ 56. Kb5 Rd1 57. d4 Ra1 58. d5 Rd1
59. Kc6 Rc1+ 60. Kd7 a5 61. bxa5 bxa5 62. d6 Rc2 63. Rg5 Ra2 64. Rxa5 Kxg6 65.
Kc6 Kf6 66. d7 Ke7 67. Re5+ 1-0

[Event "2024 Norbert Muller Cup (Division A)"]
[Site "Woodvale, Perth WA AUS"]
[Date "2024.10.23"]
[Round "3"]
[White "Clarke, Daniel"]
[Black "Maris, Rob"]
[Result "0-1"]
[ECO "B56"]
[WhiteElo "1951"]
[BlackElo "2088"]
[PlyCount "94"]
[EventDate "2024.10.09"]
[EventType "tourn"]
[EventRounds "7"]
[EventCountry "AUS"]
[TimeControl "3600+30"]

1. e4 c5 2. Nf3 Nc6 3. d4 cxd4 4. Nxd4 Nf6 5. Nc3 d6 6. Be3 Ng4 7. Nxc6 bxc6 8.
Qd2 Nxe3 9. Qxe3 Qb6 10. Qxb6 axb6 11. Bd3 g6 12. Ne2 Bg7 13. c3 e5 14. a3 d5
15. exd5 cxd5 16. Rd1 Bb7 17. f3 O-O-O 18. Kf2 f5 19. Bc2 Rd6 20. Rhe1 Ba6 21.
Nc1 Rhd8 22. Nd3 e4 23. Nb4 Bb7 24. Bb1 Bf6 25. Nc2 exf3 26. g3 d4 27. Nxd4
Bxd4+ 28. Rxd4 Rxd4 29. cxd4 Rxd4 30. Ke3 Rd6 31. Bc2 Re6+ 32. Kf2 Rxe1 33.
Kxe1 Be4 34. Bd1 g5 35. Kf2 g4 36. a4 Kc7 37. Bb3 Kc6 38. Bg8 Kc5 39. b3 h6 40.
Be6 Kd6 41. Bc4 Bd5 42. Bd3 Bxb3 43. Bxf5 Be6 44. Bd3 Bd7 45. Bc2 Kc5 46. Bd1
Kb4 47. h3 Bxa4 0-1

[Event "2024 Norbert Muller Cup (Division B)"]
[Site "Woodvale, Perth WA AUS"]
[Date "2024.10.23"]
[Round "3"]
[White "Gough, Dylan"]
[Black "Stortz, Robert"]
[Result "0-1"]
[ECO "D13"]
[WhiteElo "1829"]
[BlackElo "1838"]
[PlyCount "88"]
[EventDate "2024.10.09"]
[EventType "tourn"]
[EventRounds "7"]
[EventCountry "AUS"]
[TimeControl "3600+30"]

1. d4 d5 2. c4 c6 3. cxd5 cxd5 4. Nf3 Nf6 5. Nc3 e6 6. a3 Nc6 7. Bf4 a6 8. e3
Bd6 9. Bxd6 Qxd6 10. Bd3 O-O 11. h3 e5 12. dxe5 Nxe5 13. Be2 Be6 14. Qd2 Rad8
15. Rd1 Rd7 16. e4 Rfd8 17. Nxe5 Qxe5 18. f4 Qc7 19. e5 Ne4 20. Qe3 d4 21. Qxe4
dxc3 22. Qc2 Rxd1+ 23. Bxd1 Rd2 24. Qxc3 Qxc3 25. bxc3 Rxg2 26. Bf3 Rc2 27.
Bxb7 Rxc3 28. Kd2 Rxa3 29. h4 a5 30. Be4 Ra2+ 31. Ke3 Ra3+ 32. Kd2 g6 33. h5
Ra2+ 34. Ke3 a4 35. h6 Ra3+ 36. Kd4 Rh3 37. Rxh3 Bxh3 38. Bd5 Be6 39. Bxe6 fxe6
40. Kc4 Kf7 41. Kb4 g5 42. fxg5 Kg6 43. Kxa4 Kxg5 44. Kb4 Kf5 0-1

[Event "2024 Norbert Muller Cup (Division B)"]
[Site "Woodvale, Perth WA AUS"]
[Date "2024.10.23"]
[Round "3"]
[White "Elkington, Derek"]
[Black "Doshi, Chirag"]
[Result "0-1"]
[ECO "C54"]
[WhiteElo "1891"]
[BlackElo "1845"]
[PlyCount "94"]
[EventDate "2024.10.09"]
[EventType "tourn"]
[EventRounds "7"]
[EventCountry "AUS"]
[TimeControl "3600+30"]

1. e4 e5 2. Nf3 Nc6 3. Bc4 Nf6 4. d3 Bc5 5. c3 d5 6. exd5 Nxd5 7. b4 Be7 8. O-O
a6 9. a4 Bg4 10. h3 Bxf3 11. Qxf3 Nf6 12. Re1 O-O 13. Bg5 h6 14. Bh4 Nd7 15.
Bxe7 Qxe7 16. Nd2 Kh8 17. Bd5 Qf6 18. Bxc6 Qxc6 19. Qxc6 bxc6 20. Nc4 f6 21.
Na5 c5 22. b5 axb5 23. axb5 Kg8 24. c4 Kf7 25. Nc6 Ke6 26. f4 Rxa1 27. Rxa1
exf4 28. Re1+ Ne5 29. d4 cxd4 30. Nxd4+ Kf7 31. Nf5 f3 32. c5 f2+ 33. Kxf2 Nd3+
34. Ke2 Nxe1 35. Kxe1 Re8+ 36. Kd2 Re5 37. Nd4 Rxc5 38. Kd3 f5 39. Ke3 g5 40.
g3 Kf6 41. g4 f4+ 42. Kf2 Rd5 43. Nf5 Rxf5 44. gxf5 Kxf5 45. Kf3 h5 46. Ke2 g4
47. hxg4+ hxg4 0-1

[Event "2024 Norbert Muller Cup (Division C)"]
[Site "Woodvale, Perth WA AUS"]
[Date "2024.10.23"]
[Round "3"]
[White "Leech, Martin"]
[Black "Hagendoorn, Mark"]
[Result "0-1"]
[ECO "B62"]
[WhiteElo "1619"]
[BlackElo "1565"]
[PlyCount "104"]
[EventDate "2024.10.09"]
[EventType "tourn"]
[EventRounds "7"]
[EventCountry "AUS"]
[TimeControl "3600+30"]

1. e4 c5 2. Nf3 d6 3. d4 cxd4 4. Nxd4 Nc6 5. Nc3 Nf6 6. Bc4 e6 7. Bg5 Be7 8.
O-O O-O 9. Re1 Qb6 10. Nxc6 bxc6 11. Bb3 e5 12. Bxf6 gxf6 13. Re3 f5 14. Rg3+
Kh8 15. exf5 Bxf5 16. Qd2 d5 17. Re1 e4 18. Na4 Qc7 19. Qd4+ f6 20. c4 Bd6 21.
Rc3 Bxh2+ 22. Kf1 Be5 23. Qc5 Bxc3 24. Nxc3 Qb6 25. Qd6 Rad8 26. Qf4 Bg6 27.
cxd5 cxd5 28. Nxd5 Rxd5 29. Bxd5 Qb5+ 30. Re2 Qxd5 31. Rd2 Qb5+ 32. Kg1 Qb8 33.
Qh4 Kg7 34. Rd7+ Rf7 35. Rd4 Qxb2 36. Ra4 Rb7 37. Qg3 Qc1+ 38. Kh2 Qh6+ 39. Qh3
Qxh3+ 40. Kxh3 Bf5+ 41. Kh4 Re7 42. a3 Kg6 43. g4 Bc8 44. Rc4 Bb7 45. Rc3 f5
46. gxf5+ Kxf5 47. Re3 Kf4 48. Kh5 Bc8 49. a4 Bf5 50. a5 Rd7 51. Re2 Rd3 52.
Ra2 Rh3# 0-1

[Event "2024 Norbert Muller Cup (Division C)"]
[Site "Woodvale, Perth WA AUS"]
[Date "2024.10.23"]
[Round "3"]
[White "Garang, Kuol Awan"]
[Black "Curtis, Calan"]
[Result "0-1"]
[ECO "C00"]
[WhiteElo "1667"]
[BlackElo "1598"]
[PlyCount "108"]
[EventDate "2024.10.09"]
[EventType "tourn"]
[EventRounds "7"]
[EventCountry "AUS"]
[TimeControl "3600+30"]

1. e4 e6 2. c4 d5 3. cxd5 exd5 4. exd5 Nf6 5. Bb5+ Bd7 6. Bc4 Bc5 7. d4 Bb6 8.
Qe2+ Qe7 9. Qxe7+ Kxe7 10. Nf3 Re8 11. O-O Kf8 12. Bd2 a5 13. b4 axb4 14. Bxb4+
Kg8 15. Nbd2 Ba5 16. Rab1 b5 17. Bxa5 bxc4 18. Bxc7 Nxd5 19. Bxb8 Raxb8 20.
Nxc4 Bb5 21. Nfd2 Nc3 22. Rbe1 Ne2+ 23. Rxe2 Rxe2 24. Rb1 Rb7 25. h3 Ba6 26.
Rxb7 Bxb7 27. a4 Bd5 28. Nb6 Rxd2 29. Nxd5 Rxd4 30. Nb6 Rd1+ 31. Kh2 Ra1 32. a5
Rxa5 33. Kg3 Kf8 34. f4 Ke7 35. h4 Rc5 36. Kg4 h5+ 37. Kf3 Rc6 38. Nd5+ Ke6 39.
Ne3 f6 40. g4 hxg4+ 41. Kxg4 Rc5 42. f5+ Ke5 43. Kf3 Rc3 44. Ke2 Rxe3+ 45. Kxe3
Kxf5 46. Kf3 Ke5 47. Kg4 g6 48. Kg3 Ke4 49. Kg4 Ke3 50. Kg3 f5 51. Kg2 Kf4 52.
Kh3 Kf3 53. h5 gxh5 54. Kh4 f4 0-1

[Event "2024 Norbert Muller Cup (Division C)"]
[Site "Woodvale, Perth WA AUS"]
[Date "2024.10.23"]
[Round "3"]
[White "Weijermars, Tristan"]
[Black "Verma, Abhinav"]
[Result "1-0"]
[ECO "A00"]
[WhiteElo "1616"]
[BlackElo "1599"]
[PlyCount "135"]
[EventDate "2024.10.09"]
[EventType "tourn"]
[EventRounds "7"]
[EventCountry "AUS"]
[TimeControl "3600+30"]

1. Nc3 d5 2. e4 d4 3. Nce2 e5 4. Nf3 Nc6 5. Ng3 Nf6 6. Bb5 Bd6 7. O-O Bd7 8. d3
h6 9. h3 a6 10. Bxc6 Bxc6 11. Nf5 Rg8 12. Bd2 Bd7 13. Ng3 g5 14. Nh2 Qe7 15.
Ng4 Nxg4 16. hxg4 O-O-O 17. f3 Rh8 18. Kf2 Qf6 19. Nh5 Qe7 20. Rh1 Bc5 21. Rh3
Be6 22. Qe2 Rd6 23. Ng7 Bd7 24. Rah1 Rb6 25. b3 Rc6 26. Qd1 Rg6 27. Nf5 Bxf5
28. gxf5 Rc6 29. Rh5 Bb4 30. Bxg5 Qc5 31. Rxh6 Qxc2+ 32. Kg3 Rhxh6 33. Rxh6 Kb8
34. Qxc2 Rxc2 35. Rf6 Be7 36. Rxf7 Bxg5 37. Rf8+ Ka7 38. Re8 Bf4+ 39. Kh3 Rc6
40. g4 Rc2 41. g5 Bxg5 42. Rxe5 Rd2 43. Kg4 Rg2+ 44. Kh3 Rxa2 45. Re6 Rd2 46.
Kg4 Rg2+ 47. Kh5 Bd8 48. f6 Rg3 49. f7 Rxf3 50. Re8 Rxf7 51. Rxd8 c5 52. Kg6
Rf3 53. e5 Rxd3 54. e6 Rxb3 55. e7 Re3 56. Kf7 d3 57. Rxd3 Rxd3 58. e8=Q Rf3+
59. Kg6 c4 60. Qe4 Rg3+ 61. Kf5 b5 {(=)} 62. Qd4+ Kb7 63. Qd7+ Kb6 64. Qd6+ Ka5
65. Qxg3 Kb4 66. Ke4 a5 67. Kd4 a4 68. Qc3# 1-0

[Event "2024 Norbert Muller Cup (Division D)"]
[Site "Woodvale, Perth WA AUS"]
[Date "2024.10.23"]
[Round "3"]
[White "Pass, Tony"]
[Black "Boswarva, Ernest"]
[Result "1-0"]
[ECO "D04"]
[WhiteElo "1360"]
[BlackElo "1456"]
[PlyCount "75"]
[EventDate "2024.10.09"]
[EventType "swiss"]
[EventRounds "7"]
[EventCountry "AUS"]
[TimeControl "3600+30"]

1. d4 d5 2. Nf3 Nf6 3. e3 c5 4. b3 Bf5 5. c4 Nc6 6. a3 Ne4 7. cxd5 Qxd5 8. Bc4
Qd6 9. Bb2 Qg6 10. Nh4 Qf6 11. Nxf5 Qxf5 12. Qe2 e6 13. Bd3 Qd5 14. f3 Nf6 15.
Bc4 Qd8 16. dxc5 Bxc5 17. Nd2 O-O 18. Rd1 Qb6 19. Nf1 e5 20. b4 Nxb4 21. axb4
Qxb4+ 22. Kf2 Rfd8 23. Ng3 Qb6 24. Bxe5 Bxe3+ 25. Qxe3 Qxe3+ 26. Kxe3 Re8 27.
f4 Ng4+ 28. Kf3 Nxe5+ 29. fxe5 Rxe5 30. Rd7 Rc8 31. Rhd1 Rf8 32. Rxb7 a5 33.
Ra7 g6 34. Rdd7 Rc8 35. Rdc7 Rf8 36. Rxf7 Rxf7+ 37. Rxf7 Rc5 38. Rc7+ 1-0

[Event "2024 Norbert Muller Cup (Division D)"]
[Site "Woodvale, Perth WA AUS"]
[Date "2024.10.23"]
[Round "3"]
[White "Gough, Sebastian"]
[Black "Porteus, Grant"]
[Result "1-0"]
[ECO "D52"]
[WhiteElo "1241"]
[BlackElo "1340"]
[PlyCount "29"]
[EventDate "2024.10.09"]
[EventType "swiss"]
[EventRounds "7"]
[EventCountry "AUS"]
[TimeControl "3600+30"]

1. d4 d5 2. c4 e6 3. Nc3 Nf6 4. Nf3 c6 5. Bg5 Nbd7 6. e3 Qa5 7. cxd5 Ne4 8. Qc2
Bb4 9. Rc1 exd5 10. a3 Bxc3+ 11. bxc3 Nb6 12. Qb3 Nc4 13. Bxc4 dxc4 14. Qb4 Qd5
15. Qe7# 1-0

[Event "2024 Norbert Muller Cup (Division D)"]
[Site "Woodvale, Perth WA AUS"]
[Date "2024.10.23"]
[Round "3"]
[White "Nauom, Rafik"]
[Black "Walker, Colin"]
[Result "0-1"]
[ECO "B23"]
[WhiteElo "1493"]
[BlackElo "1425"]
[PlyCount "62"]
[EventDate "2024.10.09"]
[EventType "swiss"]
[EventRounds "7"]
[EventCountry "AUS"]
[TimeControl "3600+30"]

1. e4 c5 2. Nc3 Nc6 3. f4 d6 4. Nf3 e6 5. Bc4 Be7 6. O-O Nf6 7. Qe1 O-O 8. d3
a6 9. a3 b5 10. Ba2 Bb7 11. Qg3 Ne8 12. f5 exf5 13. Nd5 Kh8 14. exf5 Bf6 15.
Nxf6 Qxf6 16. Nh4 Nd4 17. Qf2 Nxc2 18. Rb1 Nd4 19. b4 Rc8 20. g4 g6 21. g5 Qe7
22. fxg6 Ne2+ 23. Qxe2 Qxe2 24. Bb2+ Ng7 25. Rf2 Qg4+ 26. Ng2 hxg6 27. Bf6 Kg8
28. Be7 Nf5 29. h3 Qxh3 30. Bxf8 Rxf8 31. Rbb2 Ng3 0-1

[Event "2024 Norbert Muller Cup (Division D)"]
[Site "Woodvale, Perth WA AUS"]
[Date "2024.10.23"]
[Round "3"]
[White "Owen, Geoff"]
[Black "Hounsome, David"]
[Result "0-1"]
[ECO "C00"]
[WhiteElo "1211"]
[BlackElo "1375"]
[PlyCount "80"]
[EventDate "2024.10.09"]
[EventType "swiss"]
[EventRounds "7"]
[EventCountry "AUS"]
[TimeControl "3600+30"]

1. e4 e6 2. b3 d5 3. Bb2 dxe4 4. Nc3 Nf6 5. Qe2 Nbd7 6. O-O-O b6 7. Nxe4 Bb7 8.
Nxf6+ Nxf6 9. Nf3 Bd6 10. d4 O-O 11. h4 Qe7 12. h5 h6 13. Rg1 Nxh5 14. g3 Ba3
15. Qe5 Bxb2+ 16. Kxb2 Bxf3 17. Rd3 Be4 18. Qxe4 Nf6 19. Qg2 Rfd8 20. g4 Nd5
21. g5 Nf4 22. Qg3 Nxd3+ 23. Bxd3 Qxg5 24. Qxg5 hxg5 25. Rxg5 Rxd4 26. Rh5 g6
27. Rh3 Rf4 28. f3 Kg7 29. Be4 Rh8 30. Rg3 f5 31. Bc6 Kf7 32. Bd7 e5 33. a4 a5
34. c4 Rd8 35. Be6+ Kxe6 36. Rxg6+ Kf7 37. Rc6 Rd7 38. Rh6 Kg7 39. Re6 e4 40.
fxe4 Rxe4 0-1

[Event "2024 Norbert Muller Cup (Division D)"]
[Site "Woodvale, Perth WA AUS"]
[Date "2024.10.23"]
[Round "3"]
[White "Lanham, Bruce"]
[Black "Rennie, Mike"]
[Result "1-0"]
[ECO "A41"]
[WhiteElo "1265"]
[BlackElo "921"]
[PlyCount "101"]
[EventDate "2024.10.09"]
[EventType "swiss"]
[EventRounds "7"]
[EventCountry "AUS"]
[TimeControl "3600+30"]

1. Nf3 d6 2. c4 e5 3. d4 e4 4. Nfd2 Bd7 5. Nxe4 Bf5 6. Nbc3 Nf6 7. Nxf6+ Qxf6
8. e3 c6 9. Qb3 b6 10. Be2 Be7 11. O-O O-O 12. Rd1 Rd8 13. Bd3 g6 14. e4 Bg4
15. Be2 Bxe2 16. Nxe2 Nd7 17. Be3 Qh4 18. Qc2 Nf6 19. Ng3 Nh5 20. Nxh5 gxh5 21.
g3 Qg4 22. Re1 h4 23. Qe2 Qg6 24. Bf4 hxg3 25. fxg3 Re8 26. e5 Bh4 27. Qe4 Qg4
28. Bd2 Qg7 29. Qxh4 dxe5 30. dxe5 Rxe5 31. Rxe5 Qxe5 32. Qg4+ Qg7 33. Qxg7+
Kxg7 34. Bf4 Re8 35. Kf1 Re4 36. b3 Kg6 37. Re1 Rxe1+ 38. Kxe1 Kf5 39. Kd2 Ke4
40. Kc3 b5 41. cxb5 cxb5 42. Kb4 a6 43. Ka5 h5 44. Bg5 Kf3 45. Bh4 Kf2 46. Kxa6
f5 47. Kxb5 Kf3 48. a4 f4 49. gxf4 Kxf4 50. a5 Kg4 51. Be7 1-0

[Event "2024 Norbert Muller Cup (Division D)"]
[Site "Woodvale, Perth WA AUS"]
[Date "2024.10.23"]
[Round "3"]
[White "Dawoud, Ahmad"]
[Black "Powell, Darren"]
[Result "0-1"]
[ECO "D00"]
[WhiteElo "1120"]
[BlackElo "1246"]
[PlyCount "86"]
[EventDate "2024.10.09"]
[EventType "swiss"]
[EventRounds "7"]
[EventCountry "AUS"]
[TimeControl "3600+30"]

1. d4 d5 2. Bf4 Nf6 3. Nc3 a6 4. e3 e6 5. Bd3 Nc6 6. a3 g6 7. Nf3 Bg7 8. O-O
Bd7 9. e4 Nh5 10. Bg5 f6 11. Bh4 Nf4 12. Bg3 g5 13. Bxf4 gxf4 14. exd5 Ne7 15.
dxe6 Bxe6 16. Be4 Rb8 17. Ne2 Qd6 18. Qd3 f5 19. d5 fxe4 20. Qxe4 Bxd5 21. Qxf4
Qxf4 22. Nxf4 Bxf3 23. gxf3 Be5 24. Nd3 Rg8+ 25. Kh1 Bd6 26. f4 Rg4 27. Rg1
Rxg1+ 28. Rxg1 Kd7 29. Rd1 Rd8 30. c4 b6 31. c5 bxc5 32. Nxc5+ Kc6 33. Nxa6 Nd5
34. Rd4 Re8 35. Nb4+ Bxb4 36. axb4 Rf8 37. Kg2 Nxf4+ 38. Kf1 Nh3 39. Rd2 Kb5
40. Rc2 c6 41. Kg2 Nf4+ 42. Kg3 Nd3 43. Re2 Nxb4 0-1

[Event "2024 Norbert Muller Cup (Division D)"]
[Site "Woodvale, Perth WA AUS"]
[Date "2024.10.23"]
[Round "3"]
[White "Markou, Victor"]
[Black "Young, Manfred"]
[Result "0-1"]
[ECO "B30"]
[WhiteElo "1051"]
[BlackElo "1167"]
[PlyCount "32"]
[EventDate "2024.10.09"]
[EventType "swiss"]
[EventRounds "7"]
[EventCountry "AUS"]
[TimeControl "3600+30"]

1. e4 c5 2. Nf3 Nc6 3. g3 h6 4. Bg2 e5 5. O-O Nf6 6. Re1 d6 7. d3 Be7 8. Nc3 a6
9. Nh4 Nd4 10. Ne2 Bg4 11. f3 Nxe2+ 12. Rxe2 Bh5 13. Nf5 O-O 14. Nxh6+ gxh6 15.
Bxh6 Re8 16. g4 Bg6 0-1

[Event "2024 Norbert Muller Cup (Division A)"]
[Site "Woodvale, Perth WA AUS"]
[Date "2024.10.30"]
[Round "4"]
[White "Gibson, Jacob"]
[Black "Maris, Rob"]
[Result "0-1"]
[ECO "B23"]
[WhiteElo "2031"]
[BlackElo "2088"]
[PlyCount "74"]
[EventDate "2024.10.09"]
[EventType "tourn"]
[EventRounds "7"]
[EventCountry "AUS"]
[TimeControl "3600+30"]

1. e4 c5 2. Nc3 Nc6 3. f4 g6 4. Nf3 Bg7 5. Bb5 Nd4 6. O-O e6 7. e5 f5 8. Bd3 a6
9. Nxd4 cxd4 10. Ne2 d6 11. exd6 Qxd6 12. b3 b5 13. Bb2 Ne7 14. Qe1 O-O 15. a4
b4 16. Kh1 Bb7 17. Qf2 Nc6 18. Rae1 Rad8 19. Nc1 e5 20. Bc4+ Kh8 21. d3 Rfe8
22. fxe5 Bxe5 23. Qh4 Bf6 24. Qg3 Qxg3 25. hxg3 Ne5 26. Ne2 Ng4 27. Bc1 Ne3 28.
Bxe3 Rxe3 29. Ng1 Rde8 30. Rxe3 Rxe3 31. g4 Rg3 32. Re1 Rxg2 33. Re8+ Kg7 34.
Rg8+ Kh6 35. Bxa6 Be5 36. g5+ Kh5 37. Ne2 Bf3 0-1